[Event "Titled Tuesday Blitz April 25 Early 2023"]
[White "Manukyan, Sargis A."]
[Black "Kuzubov, Yuriy"]
[WhiteFideId "13303970"]
[BlackFideId "14112906"]
[WhiteElo "2187"]
[BlackElo "2496"]
[Result "1/2-1/2"]
[Round "09"]
[TimeControl "180+2"]
[Date "2023.04.25"]
[WhiteClock "0:00:06"]
[BlackClock "0:00:28"]

1. d4 Nf6 2. c4 e6 3. Nc3 Bb4 4. a3 Bxc3+ 5. bxc3 b6 6. e3 Ba6 7. Bd3 Nc6 8. e4 Na5 9. e5 Ng8 10. Qg4 g6 11. Qe2 d5 12. cxd5 Bxd3 13. Qxd3 Qxd5 14. Nf3 Qc4 15. Qxc4 Nxc4 16. Nd2 Na5 17. a4 Ne7 18. Ba3 Nec6 19. O-O-O O-O-O 20. Kc2 h5 21. h4 Rd7 22. Ne4 Nc4 23. Bc1 Ne7 24. Bg5 Nd5 25. Nf6 Nxf6 26. Bxf6 Re8 27. Kb3 Na5+ 28. Kb4 Kb7 29. c4 Rxd4 30. Rxd4 c5+ 31. Kc3 cxd4+ 32. Kxd4 Rc8 33. Rd1 Rxc4+ 34. Ke3 Kc7 35. Rd8 Rxa4 36. Rf8 Nc4+ 37. Kd3 b5 38. Rxf7+ Kc6 39. Re7 Ra2 40. Rxe6+ Kd5 41. Re7 Rxf2 42. Rd7+ Ke6 43. Re7+ Kf5 44. g3 a5 45. Bg7 Rd2+ 46. Kc3 Ke4 47. Rb7 Rd3+ 48. Kc2 b4 49. e6 b3+ 50. Rxb3 Ne3+ 51. Kb2 Rxb3+ 52. Kxb3 Nf5 53. Bf6 Kd5 54. e7 Nd6 55. Ka4 Ke6 56. Bg5 Kf7 57. Kxa5 Nf5 58. Bf4 Kxe7 59. Kb5 Ke6 60. Kc4 Ne7 61. Kd4 Kf5 62. Ke3 Kg4 63. Kf2 Nd5 64. Bb8 Nf6 65. Kg2 Ne4 66. Bc7 Nc3 67. Bb8 Nd5 68. Bd6 Ne3+ 69. Kh2 Nf5 70. Bb8 Kf3 71. Bc7 Ne3 72. Bb8 Nf1+ 73. Kh3 Nd2 74. Bc7 Ne4 75. Bb8 Nf6 76. Bc7 Kf2 77. Be5 Ng4 78. Bd4+ Kf1 79. Bc5 Nh6 80. Be3 Nf5 81. Bc5 Nh6 82. Be3 Ng4 83. Bd4 Ke2 84. Bc5 Kf3 85. Bd4 Nh6 86. Bg7 Nf5 87. Be5 Ne3 88. Bb8 Ng4 89. Bd6 Nf2+ 90. Kh2 Ne4 91. Bb8 Nd2 92. Bc7 Nf1+ 93. Kh3 Kf2 94. Bb8 Kf3 95. Bc7 Ne3 96. Bb8 Nf5 97. Bc7 Nd4 98. Bb6 Ne2 99. Bc7 Ng1+ 100. Kh2 Ne2 101. Kh3 Nc1 102. Kh2 Nd3 103. Kh3 Nf2+ 104. Kh2 Ne4 105. Bb8 Kf2 106. Ba7+ Kf1 107. Bb8 Nf6 108. Be5 Ng4+ 1/2-1/2


[Site "https://www.chess.com"]

[Event "Titled Tuesday Blitz April 25 Early 2023"]
[White "Narayanan, Srinath"]
[Black "Kucuksari, Kaan"]
[WhiteFideId "5018420"]
[BlackFideId "6380166"]
[WhiteElo "2438"]
[BlackElo "2364"]
[Result "0-1"]
[Round "09"]
[TimeControl "180+2"]
[Date "2023.04.25"]
[WhiteClock "0:00:28"]
[BlackClock "0:00:12"]

1. Nf3 Nf6 2. c4 g6 3. b3 Bg7 4. Bb2 O-O 5. g3 d6 6. Bg2 e5 7. O-O Re8 8. Nc3 Nbd7 9. d3 c6 10. Nd2 h5 11. b4 h4 12. b5 cxb5 13. Nxb5 Nc5 14. a4 h3 15. Bh1 a6 16. Nc3 Bd7 17. a5 Bc6 18. f3 Bh6 19. f4 Ng4 20. Nd5 Bxd5 21. Bxd5 Ne3 22. Qe1 exf4 23. gxf4 Nxd5 24. cxd5 Nxd3 25. exd3 Rxe1 26. Raxe1 Qh4 27. Ne4 Qg4+ 28. Kf2 Qg2+ 29. Ke3 Qxb2 30. Rb1 Qxh2 31. Rf2 Bxf4+ 32. Kf3 Qxf2+ 33. Nxf2 Bd2 34. Rxb7 Bxa5 35. Nxh3 Bd2 36. Ke2 Bh6 37. Nf2 f5 38. Rd7 Bf8 39. Nh3 a5 40. Rb7 a4 41. Rb2 a3 42. Ra2 Bg7 43. Nf4 Kf7 44. Ne6 Bb2 45. Nc7 Ra5 46. Kd1 g5 47. Ne6 g4 48. Nf4 Kf6 49. Ke2 Ke5 50. Ng6+ Kd4 51. Ne7 Kc3 52. Nxf5 Kb3 53. Rxa3+ Bxa3 54. Ne3 Bc1 55. Nxg4 Rxd5 56. Nf6 Rc5 57. Ne4 Rc6 58. Kf3 d5 59. Ng3 Bb2 60. Nf5 Rf6 61. Kg4 Rxf5 62. Kxf5 Kc3 0-1


[Site "https://www.chess.com"]

[Event "Titled Tuesday Blitz April 25 Early 2023"]
[White "Kukhmazov, Arsen"]
[Black "Williams, Simon K"]
[WhiteFideId "24108260"]
[BlackFideId "404454"]
[WhiteElo "2396"]
[BlackElo "2468"]
[Result "0-1"]
[Round "09"]
[TimeControl "180+2"]
[Date "2023.04.25"]
[WhiteClock "0:00:02"]
[BlackClock "0:00:11"]

1. d4 e6 2. c4 f5 3. Nc3 Nf6 4. Qc2 b6 5. e3 Bb7 6. f3 Nh5 7. Nge2 Bd6 8. Nb5 Be7 9. Bd2 a6 10. Nbc3 O-O 11. O-O-O b5 12. Ng3 Nf6 13. h4 bxc4 14. Bxc4 d5 15. Bd3 c5 16. dxc5 Nbd7 17. Kb1 Nxc5 18. h5 Rc8 19. Be2 Qb6 20. Na4 Nxa4 21. Qxa4 Ne8 22. h6 Bf6 23. Qb3 Qxb3 24. axb3 g6 25. Bb4 Rf7 26. Bd3 Rfc7 27. f4 Be7 28. Bc3 Nd6 29. Be5 Rc6 30. Ne2 Nf7 31. Nd4 Rb6 32. Bg7 Bf8 33. Bxf8 Kxf8 34. Rc1 Rxc1+ 35. Rxc1 Nxh6 36. Rc7 Ng4 37. Rxh7 Nxe3 38. g3 Ke8 39. Kc1 Kd8 40. Rg7 Bc8 41. Kd2 Ng4 42. Rxg6 Bd7 43. Rg7 Kc7 44. Rf7 Kd6 45. Kc3 a5 46. Kd2 Nf2 47. Ke3 Ng4+ 48. Ke2 Rb4 49. Nf3 Rxb3 50. Bc2 Rxb2 51. Kd2 a4 52. Kc3 a3 53. Nd4 Rb8 54. Bb3 Ne3 55. Rh7 Nc4 56. Rh1 Na5 57. Ba2 Rb2 58. Ra1 Rg2 59. Bb1 Rxg3+ 60. Kb4 Nc4 61. Bc2 Rg2 62. Bb3 Rd2 63. Kc3 Rf2 64. Bxc4 dxc4 65. Rxa3 Rxf4 66. Ra6+ Ke5 67. Ra5+ Kf6 68. Ra6 Kg5 69. Nxe6+ Bxe6 70. Rxe6 Re4 71. Rd6 Kg4 72. Rf6 f4 73. Kd2 f3 0-1


[Site "https://www.chess.com"]

[Event "Titled Tuesday Blitz April 25 Early 2023"]
[White "hakanazeri2"]
[Black "Molina, Roberto Junio Brito"]
[BlackFideId "2109450"]
[WhiteElo "2634"]
[BlackElo "2376"]
[Result "0-1"]
[Round "09"]
[TimeControl "180+2"]
[Date "2023.04.25"]
[WhiteClock "0:00:08"]
[BlackClock "0:00:08"]

1. d4 d5 2. c4 c6 3. Nd2 Nf6 4. Ngf3 Bf5 5. b3 e6 6. e3 h6 7. Be2 Nbd7 8. O-O Bd6 9. Bb2 Qe7 10. Ne5 O-O 11. Ndf3 Ne4 12. Nxd7 Qxd7 13. Bd3 Qe7 14. Qe2 Rae8 15. h3 Nf6 16. Nd2 Bxd3 17. Qxd3 e5 18. dxe5 Bxe5 19. Bxe5 Qxe5 20. Nf3 Qe4 21. Qxe4 Rxe4 22. Rfd1 Rfe8 23. Rac1 g6 24. Rd4 Kf8 25. b4 Rxd4 26. Nxd4 dxc4 27. Rxc4 Ne4 28. a3 Nd6 29. Rc5 Ke7 30. a4 Kd7 31. Rc2 Re5 32. Kf1 f5 33. Ke2 f4 34. Kd3 fxe3 35. fxe3 Ne4 36. Rc1 b6 37. Nxc6 Re8 38. Nxa7 Nd6 39. Nc6 Ra8 40. Ne5+ Ke6 41. Nxg6 Rxa4 42. Rb1 Ra3+ 43. Ke2 Ne4 44. Rc1 Ra2+ 45. Kf3 Ng5+ 46. Kg3 Kf5 47. Nh4+ Ke4 48. Rc6 b5 49. Rxh6 Rb2 50. Rh5 Nf7 51. Rxb5 Kxe3 52. Nf3 Nd6 53. Re5+ Ne4+ 54. Kh2 Kf4 55. Re7 Rxb4 56. Rf7+ Ke3 57. h4 Nf2 58. h5 Rb5 59. Kg3 Rxh5 60. Re7+ Ne4+ 61. Kg4 Rd5 62. g3 Ra5 63. Nd2 Kxd2 64. Rxe4 Kd3 65. Re8 Kd4 66. Kh4 Kd5 67. g4 Kd6 68. g5 Kd7 69. Re1 Ra1 70. Kh5 Rxe1 0-1


[Site "https://www.chess.com"]

[Event "Titled Tuesday Blitz April 25 Early 2023"]
[White "Martinez Ramirez, Lennis"]
[Black "Vakhlamov, Igor L."]
[WhiteFideId "3509079"]
[BlackFideId "24126748"]
[WhiteElo "2410"]
[BlackElo "2400"]
[Result "1-0"]
[Round "09"]
[TimeControl "180+2"]
[Date "2023.04.25"]
[WhiteClock "0:00:19"]
[BlackClock "0:00:02"]

1. c4 e6 2. Nc3 d5 3. cxd5 exd5 4. d4 c6 5. Qc2 g6 6. Bf4 Bf5 7. Qd2 Nd7 8. h3 Ngf6 9. e3 Ne4 10. Nxe4 Bxe4 11. Nf3 Qb6 12. a3 Bxf3 13. gxf3 Be7 14. h4 h5 15. Bh3 Qd8 16. Bg3 a5 17. Rc1 O-O 18. Bxd7 Qxd7 19. Qd3 Rfe8 20. Be5 Kh7 21. Ke2 Bd6 22. f4 Be7 23. f5 Qxf5 24. Qxf5 gxf5 25. Kf3 Rg8 26. Kf4 Rg2 27. f3 f6 28. Bc7 Rc8 29. Bb6 Kg6 30. Bc5 Bxc5 31. Rxc5 Rxb2 32. Rxa5 Re8 33. Ra7 Rb3 34. Rg1+ Kf7 35. Re1 Ke6 36. a4 Re7 37. a5 Rb5 38. Ra8 Kf7 39. Rg1 Ke6 40. Rg6 Rb3 41. Rh6 Kd7 42. Rxf6 Rexe3 43. Kg5 Rxf3 44. a6 Rg3+ 45. Kxh5 bxa6 46. Ra7+ Ke8 47. Rxc6 Rbc3 48. Rh6 Rg8 49. Re6+ Kd8 50. Rd6+ Kc8 51. Rxd5 Kb8 52. Rxa6 Rc7 53. Rb5+ 1-0


[Site "https://www.chess.com"]

[Event "Titled Tuesday Blitz April 25 Early 2023"]
[White "Kozin, Yuri"]
[Black "Bacallao Alonso, Yusnel"]
[WhiteFideId "4129920"]
[BlackFideId "3507416"]
[WhiteElo "2619"]
[BlackElo "2561"]
[Result "0-1"]
[Round "09"]
[TimeControl "180+2"]
[Date "2023.04.25"]
[WhiteClock "0:00:12"]
[BlackClock "0:00:29"]

1. e4 c6 2. d4 d5 3. exd5 cxd5 4. c4 Nf6 5. Nc3 Nc6 6. Bg5 dxc4 7. d5 Ne5 8. Qd4 h6 9. Be3 Neg4 10. Bxc4 Nxe3 11. Qxe3 Qb6 12. Qe2 g6 13. d6 e6 14. Nb5 Bxd6 15. Qd2 Ne4 16. Qe2 Bb4+ 17. Kd1 Bd7 18. Qxe4 Bxb5 19. Bxb5+ Qxb5 20. Nf3 O-O 21. Qe5 Rfd8+ 22. Kc2 Rac8+ 23. Kb1 Qd3# 0-1


[Site "https://www.chess.com"]

[Event "Titled Tuesday Blitz April 25 Early 2023"]
[White "Skliarov, Viktor"]
[Black "Djordjevic, Vuk"]
[WhiteFideId "14106736"]
[BlackFideId "902098"]
[WhiteElo "2317"]
[BlackElo "2452"]
[Result "0-1"]
[Round "09"]
[TimeControl "180+2"]
[Date "2023.04.25"]
[WhiteClock "0:00:02"]
[BlackClock "0:00:17"]

1. e4 d5 2. exd5 Qxd5 3. Nc3 Qd6 4. d4 Nf6 5. Nf3 c6 6. Ne5 Nbd7 7. Nc4 Qc7 8. Qf3 Nb6 9. Ne5 Be6 10. Bf4 Qd8 11. O-O-O g6 12. h3 Bg7 13. Kb1 O-O 14. Bc1 Nbd5 15. Nxd5 Nxd5 16. Bc4 Qc7 17. Rhe1 b5 18. Bxd5 Bxd5 19. Qg3 Qb7 20. Ng4 h5 21. Ne3 Rad8 22. f4 e6 23. f5 exf5 24. Nxf5 gxf5 25. Bh6 f6 26. Bf4 Qf7 27. b3 Rfe8 28. Bd6 Be4 29. Bb4 Kh7 30. Bc5 Qg6 31. Qf4 Bh6 32. Qc7+ Qg7 33. Qa5 Rd7 34. g4 fxg4 35. hxg4 hxg4 36. Rg1 f5 37. Rdf1 Qg6 38. Qc3 f4 39. Qd2 f3 40. Qh2 Bf5 41. d5 Rxd5 42. Bb4 c5 43. Bc3 Bxc2+ 44. Qxc2 Qxc2+ 45. Kxc2 Re2+ 46. Kb1 Re4 47. Rh1 Kg6 48. Rc1 Bxc1 0-1


[Site "https://www.chess.com"]

[Event "Titled Tuesday Blitz April 25 Early 2023"]
[White "Sliwicka, Alicja"]
[Black "Rustemov, Alexander"]
[WhiteFideId "1150677"]
[BlackFideId "4119002"]
[WhiteElo "2206"]
[BlackElo "2772"]
[Result "0-1"]
[Round "09"]
[TimeControl "180+2"]
[Date "2023.04.25"]
[WhiteClock "0:00:26"]
[BlackClock "0:00:37"]

1. e4 e6 2. d4 d5 3. e5 c5 4. c3 Qb6 5. Nf3 Bd7 6. Bd3 cxd4 7. O-O Nc6 8. Re1 Rc8 9. h4 Nge7 10. h5 h6 11. a3 a6 12. Nbd2 dxc3 13. bxc3 Na5 14. Rb1 Qc7 15. c4 Nxc4 16. Bxc4 dxc4 17. Ne4 Nd5 18. Nd4 b5 19. Qg4 Qxe5 20. Bb2 Qf4 21. Qd1 c3 22. Bxc3 Nxc3 23. Nxc3 Rxc3 24. Ne2 Qc7 25. Nxc3 Qxc3 26. Rc1 Qxa3 27. Qd4 Bd6 28. Qxg7 Rf8 29. Qxh6 Qb4 30. Qg7 Qh4 31. h6 Qh2+ 32. Kf1 b4 33. h7 Bb5+ 0-1


[Site "https://www.chess.com"]

[Event "Titled Tuesday Blitz April 25 Early 2023"]
[White "Osinenko, Anton"]
[Black "Liu, Xiangyi"]
[WhiteFideId "4158970"]
[BlackFideId "8605718"]
[WhiteElo "2294"]
[BlackElo "2323"]
[Result "1-0"]
[Round "09"]
[TimeControl "180+2"]
[Date "2023.04.25"]
[WhiteClock "0:00:36"]
[BlackClock "0:00:02"]

1. e4 e6 2. d4 d5 3. exd5 exd5 4. Bd3 Bd6 5. Ne2 Nc6 6. Nbc3 Nb4 7. Bb5+ c6 8. Ba4 Nf6 9. h3 O-O 10. Be3 b5 11. Bb3 a5 12. a3 Na6 13. a4 b4 14. Nb1 Ne4 15. Nd2 f5 16. Nxe4 fxe4 17. Qd2 Be6 18. Nf4 Bf7 19. h4 Ra7 20. g3 Rd7 21. Qe2 Qc8 22. O-O Bxf4 23. Bxf4 c5 24. c3 c4 25. Bd1 Re8 26. Qd2 b3 27. f3 Be6 28. fxe4 dxe4 29. Bh5 g6 30. Be2 Nc7 31. Be5 Nd5 32. Qh6 Bh3 33. Rf2 e3 34. Rh2 Bf5 35. h5 Rde7 36. hxg6 Bxg6 37. Rf1 Rxe5 38. dxe5 Rxe5 39. Bxc4 Qc5 40. Re2 Re8 41. Qf4 1-0


[Site "https://www.chess.com"]

[Event "Titled Tuesday Blitz April 25 Early 2023"]
[White "Gunina, Valentina"]
[Black "Odegov, Artem"]
[WhiteFideId "4167570"]
[BlackFideId "34183644"]
[WhiteElo "2352"]
[BlackElo "2300"]
[Result "1/2-1/2"]
[Round "09"]
[TimeControl "180+2"]
[Date "2023.04.25"]
[WhiteClock "0:00:07"]
[BlackClock "0:00:02"]

1. d4 d5 2. c4 e6 3. Nf3 c5 4. cxd5 exd5 5. Nc3 Nc6 6. Bg5 Be7 7. Bxe7 Ngxe7 8. dxc5 O-O 9. e3 Qa5 10. Bd3 Qxc5 11. h3 Rd8 12. O-O d4 13. Ne4 Qd5 14. Qe2 Bf5 15. exd4 Nxd4 16. Nxd4 Qxd4 17. Rad1 Nc6 18. Rfe1 Qe5 19. Qh5 Bg6 20. Qxe5 Nxe5 21. Bb1 Nc4 22. b3 Nb2 23. Rxd8+ Rxd8 24. Nc3 Bxb1 25. Rxb1 Nd3 26. Rd1 Rd7 27. Kf1 Ne5 28. Rxd7 Nxd7 29. Nb5 a6 30. Nd6 b5 31. Ke2 Kf8 32. Kd3 Ke7 33. Nf5+ Kf6 34. Nd4 Ke5 35. Nc6+ Kd6 36. Nb4 a5 37. Nc2 Kd5 38. Ne3+ Ke5 39. Kc3 Nc5 40. Nd1 h5 41. b4 Ne4+ 42. Kb3 a4+ 43. Kc2 Kd4 44. f3 Nf6 45. Nc3 Kc4 46. a3 g5 47. Nd1 Nd5 48. Nf2 Ne3+ 49. Kb2 Nxg2 50. Ne4 Ne1 51. Nxg5 Nd3+ 52. Kc2 f6 53. Ne4 Ne5 54. Nd6+ Kd5 55. Nxb5 Nxf3 56. Nc3+ Kc4 57. Nxa4 Ng5 58. Nb2+ Kb5 59. Kb3 Nxh3 60. a4+ Ka6 61. b5+ Kb7 62. Nd3 Ng5 63. a5 Ne4 64. Kc4 h4 65. Nf4 f5 66. b6 Ka6 67. Kd5 Nc3+ 68. Kc6 Nb5 69. b7 Na7+ 70. Kc7 Nb5+ 71. Kc6 Na7+ 72. Kc7 Nb5+ 73. Kc6 1/2-1/2


[Site "https://www.chess.com"]

[Event "Titled Tuesday Blitz April 25 Early 2023"]
[White "Bryakin, Mikhail"]
[Black "Sahib Singh"]
[WhiteFideId "4165314"]
[BlackFideId "25618342"]
[WhiteElo "2447"]
[BlackElo "1934"]
[Result "1-0"]
[Round "09"]
[TimeControl "180+2"]
[Date "2023.04.25"]
[WhiteClock "0:00:46"]
[BlackClock "0:00:08"]

1. f4 d5 2. g3 Nf6 3. Bg2 g6 4. d3 Bg7 5. Nf3 O-O 6. O-O b6 7. Qe1 Bb7 8. c3 Nbd7 9. Nbd2 c5 10. e4 dxe4 11. dxe4 Ba6 12. c4 e5 13. f5 Nb8 14. h3 Nc6 15. g4 Nd4 16. Qf2 Ne8 17. Rb1 g5 18. b3 h6 19. Re1 Bf6 20. Nf1 Qc7 21. Ne3 Bb7 22. Nh2 Rd8 23. Nhf1 Nd6 24. Ng3 Bh8 25. Nd5 Bxd5 26. exd5 f6 27. h4 Qg7 28. Nh5 Qf7 29. hxg5 hxg5 30. Be4 a6 31. Kg2 b5 32. Ba3 Qc7 33. Rbc1 bxc4 34. bxc4 Qa5 35. Bb2 Rb8 36. Bc3 Qa4 37. Bd3 Rb7 38. Ng3 Rfb8 39. Rh1 Bg7 40. Ne4 Nxe4 41. Bxe4 Qxc4 42. d6 Rd7 43. Bxd4 Qxd4 44. Qxd4 cxd4 45. Bd5+ Kf8 46. Rc7 Rxc7 47. dxc7 Rc8 48. Rc1 Ke7 49. Be6 d3 50. Bxc8 e4 51. Be6 d2 52. Rd1 e3 53. c8=Q e2 54. Qd7+ Kf8 55. Qf7# 1-0


[Site "https://www.chess.com"]

[Event "Titled Tuesday Blitz April 25 Early 2023"]
[White "Weishaeutel, Moritz"]
[Black "Cherniaiev, Tykhon"]
[WhiteFideId "12967300"]
[BlackFideId "14182360"]
[WhiteElo "2301"]
[BlackElo "2450"]
[Result "1/2-1/2"]
[Round "09"]
[TimeControl "180+2"]
[Date "2023.04.25"]
[WhiteClock "0:00:08"]
[BlackClock "0:00:08"]

1. e4 e5 2. Nf3 Nc6 3. Nc3 Nf6 4. a3 d5 5. Bb5 d4 6. Ne2 Nxe4 7. d3 Nf6 8. Nxe5 Qd5 9. Bxc6+ bxc6 10. Nf3 Bg4 11. Nexd4 O-O-O 12. h3 Qxd4 13. hxg4 Qxg4 14. O-O Bd6 15. Be3 Rhe8 16. Qd2 Qh5 17. Bf4 Bc5 18. Rfe1 Ne4 19. Rxe4 Rxe4 20. Bxc7 Kxc7 21. Qa5+ Kd7 22. b4 Bxf2+ 23. Kxf2 Qxa5 24. bxa5 Ra4 25. Ne5+ Kc7 26. Nc4 Rd5 27. Re1 Kd8 28. Re4 f6 29. Rh4 h5 30. Re4 Rf5+ 31. Kg1 Raxa5 32. Nxa5 Rxa5 33. a4 Rc5 34. Re2 Rc3 35. Kf2 Ra3 36. Re4 Rc3 37. Re2 Kd7 38. Ke1 Ra3 39. Re4 Ra1+ 40. Kf2 Kd6 41. Rd4+ Ke7 42. Rc4 a5 43. Kg3 g5 44. Kf3 Ra2 45. Ke4 Ra1 46. Kf5 h4 47. Rxc6 Rxa4 48. Re6+ Kd7 49. Rxf6 g4 50. Rh6 h3 51. gxh3 gxh3 52. Rxh3 Ra2 53. Rh2 Rb2 54. Ke5 a4 55. Kd5 a3 56. Rh7+ Ke8 57. Ra7 Rxc2 58. Rxa3 Rh2 59. d4 Rh6 60. Ra7 Kd8 61. Kc5 Rg6 62. d5 Rh6 63. Rg7 Rf6 64. Rh7 Rg6 65. d6 Rg1 66. Kc6 Rc1+ 67. Kd5 Rd1+ 68. Kc5 Rc1+ 69. Kd4 Rd1+ 70. Ke5 Re1+ 71. Kd5 Rd1+ 72. Ke5 Re1+ 73. Kf5 Rd1 74. Ke6 Re1+ 75. Kf6 Rd1 76. d7 Rxd7 77. Rxd7+ Kxd7 1/2-1/2


[Site "https://www.chess.com"]

[Event "Titled Tuesday Blitz April 25 Early 2023"]
[White "Asavasaetakul, Chawit"]
[Black "Mirzoev, Azer"]
[WhiteFideId "6204856"]
[BlackFideId "13400304"]
[WhiteElo "1919"]
[BlackElo "2525"]
[Result "0-1"]
[Round "09"]
[TimeControl "180+2"]
[Date "2023.04.25"]
[WhiteClock "0:00:05"]
[BlackClock "0:00:11"]

1. e4 c6 2. d4 d5 3. Nd2 g6 4. Ngf3 Bg7 5. c3 Nh6 6. Bd3 O-O 7. O-O Nd7 8. Re1 f6 9. Qb3 Nb6 10. h3 Nf7 11. Nf1 e5 12. Ng3 Be6 13. exd5 Bxd5 14. Qd1 Bxf3 15. Qxf3 exd4 16. cxd4 Qxd4 17. Rd1 Ne5 18. Qe2 Nxd3 19. Rxd3 Qc4 20. b3 Qf7 21. Bb2 Rfe8 22. Qd2 Nd5 23. Rd1 Re7 24. b4 a6 25. a4 f5 26. Bxg7 Qxg7 27. b5 axb5 28. axb5 Ra1 29. bxc6 Rxd1+ 30. Qxd1 bxc6 31. Qc1 Qf6 32. Nf1 Kg7 33. Rb3 h5 34. Rb8 Qe5 35. Rc8 Rc7 36. Rd8 Nf4 37. Qa3 c5 38. Ne3 Ne6 39. Re8 Kf7 40. Qa8 Re7 41. Rh8 Qg7 42. Nd5 Nf8 43. Nxe7 Qxh8 44. Nd5 Qe5 45. Qc6 Qe1+ 46. Kh2 Qe5+ 47. f4 Qe6 48. Qxc5 Nd7 49. Qd4 Nf6 50. Qxf6+ Qxf6 51. Nxf6 Kxf6 52. Kg3 Kf7 53. Kf3 Ke6 54. Ke3 Kd5 55. g3 Kc4 56. Kf3 Kd3 57. g4 h4 58. gxf5 gxf5 59. Kf2 Ke4 60. Ke2 Kxf4 61. Kf2 Ke4 62. Ke2 f4 63. Kf2 f3 64. Kf1 Ke3 65. Ke1 Kd4 66. Kf2 Ke4 67. Kf1 Kf5 68. Ke1 Ke5 69. Kf1 Ke4 70. Ke1 Ke3 71. Kf1 f2 72. Kg2 Ke2 0-1


[Site "https://www.chess.com"]

[Event "Titled Tuesday Blitz April 25 Early 2023"]
[White "Gontcharov, Vladislav"]
[Black "Halkias, Stelios"]
[WhiteFideId "4123492"]
[BlackFideId "4201809"]
[WhiteElo "2420"]
[BlackElo "2451"]
[Result "1/2-1/2"]
[Round "09"]
[TimeControl "180+2"]
[Date "2023.04.25"]
[WhiteClock "0:00:13"]
[BlackClock "0:00:11"]

1. e4 e5 2. Nf3 Nc6 3. Bb5 a6 4. Ba4 Nf6 5. d3 d6 6. O-O g6 7. d4 Bd7 8. d5 Ne7 9. Bxd7+ Nxd7 10. Re1 Bg7 11. c4 O-O 12. Nc3 h6 13. Nd2 f5 14. f3 Nf6 15. Nf1 c6 16. Be3 Rc8 17. Qb3 Kh7 18. Rad1 c5 19. a3 Rb8 20. Qc2 Qd7 21. b4 b6 22. Rb1 Rfc8 23. Nd2 fxe4 24. fxe4 Ng4 25. Qd3 Rf8 26. Rf1 Ng8 27. Rxf8 Rxf8 28. Rf1 N8f6 29. h3 Nxe3 30. Qxe3 Nh5 31. Rxf8 Bxf8 32. Qf3 Bg7 33. Nf1 cxb4 34. axb4 a5 35. bxa5 bxa5 36. Nb5 Qc8 37. Nd2 Nf4 38. Kh2 Qc5 39. g3 Nh5 40. Kg2 Nf6 41. Qa3 Qxa3 42. Nxa3 Nd7 43. Kf3 Nc5 44. Nb5 Bf8 45. Nb1 a4 46. N1c3 Be7 47. Ke2 h5 48. Kd2 h4 49. g4 Kh6 50. Ke2 Kg5 51. Kf3 Nd3 52. Nxa4 Nf4 53. c5 dxc5 54. d6 Bd8 55. Nxc5 Kf6 56. Nb7 Bb6 57. Nc3 Ke6 58. Nd5 Nxd5 59. exd5+ Kxd5 60. d7 e4+ 61. Ke2 Ke5 62. d8=Q Bxd8 63. Nxd8 Kf4 64. Nf7 Kg3 65. Ng5 Kf4 66. Nh7 Kg3 67. Ng5 Kf4 68. Nh7 Kg3 69. Ng5 1/2-1/2


[Site "https://www.chess.com"]

[Event "Titled Tuesday Blitz April 25 Early 2023"]
[White "Safin, Robert"]
[Black "Karthik Rajaa"]
[WhiteFideId "34189120"]
[BlackFideId "25035215"]
[WhiteElo "2245"]
[BlackElo "2215"]
[Result "1-0"]
[Round "09"]
[TimeControl "180+2"]
[Date "2023.04.25"]
[WhiteClock "0:00:06"]
[BlackClock "0:00:15"]

1. e4 c6 2. d4 d5 3. exd5 cxd5 4. c4 Nf6 5. Nc3 e6 6. Nf3 Bb4 7. cxd5 exd5 8. Bd2 O-O 9. Be2 Nc6 10. O-O Bg4 11. Bg5 Bxc3 12. bxc3 Qd6 13. h3 Bh5 14. Bxf6 Qxf6 15. Nd2 Bg6 16. Bf3 Rfd8 17. Re1 Qd6 18. Nf1 Re8 19. Ne3 Be4 20. Bxe4 Rxe4 21. Qb3 Ne7 22. Qxb7 Rb8 23. Qxa7 g6 24. Rab1 Re8 25. Ng4 Nc6 26. Rxe4 Rxe4 27. Qa6 Re6 28. Ne3 Kg7 29. Qb5 Ne7 30. Qc5 Qd7 31. Rb5 Rd6 32. Qb4 Rc6 33. Rb7 Qe6 34. Rxe7 Qf6 35. Qb7 Rxc3 36. Nxd5 Rc1+ 37. Kh2 Qd6+ 38. g3 Kh6 39. Rxf7 Kh5 40. Rxh7+ Kg5 41. Qe7+ Qxe7 42. Rxe7 Rc2 43. Re5+ Kh6 44. Kg2 Rxa2 45. Nf4 Ra4 46. Re6 Kg5 47. Rxg6+ Kf5 48. Rd6 Ra3 49. Rd5+ Ke4 50. Re5+ Kxd4 51. Re3 Ra5 52. h4 Ra8 53. Kf3 Rh8 54. h5 Rf8 55. Re1 Rg8 56. h6 Rh8 57. Rh1 Ke5 58. Ng6+ Kf6 59. Nxh8 Kg5 60. Nf7+ Kg6 61. h7 Kf6 62. h8=Q+ Kf5 63. Rh5+ Ke6 64. Qe5+ Kd7 65. Qd6+ Kc8 66. Rc5+ Kb7 67. Rc7+ Kb8 68. Qd8# 1-0


[Site "https://www.chess.com"]

[Event "Titled Tuesday Blitz April 25 Early 2023"]
[White "Samunenkov, Ihor"]
[Black "Al-Tarboush, Ward"]
[WhiteFideId "14187086"]
[BlackFideId "7601450"]
[WhiteElo "2457"]
[BlackElo "2265"]
[Result "1/2-1/2"]
[Round "09"]
[TimeControl "180+2"]
[Date "2023.04.25"]
[WhiteClock "0:00:06"]
[BlackClock "0:00:06"]

1. d4 Nf6 2. c4 b6 3. f3 Nc6 4. Nc3 d5 5. cxd5 Nxd5 6. e4 Nxc3 7. bxc3 e6 8. Bb5 Bd7 9. Ne2 Bd6 10. O-O O-O 11. Kh1 Na5 12. Bd3 c5 13. e5 Bc7 14. Qc2 h6 15. Nf4 Bc6 16. Qf2 cxd4 17. cxd4 Qd7 18. Rd1 Ba4 19. Re1 Rad8 20. Be3 Bb5 21. Bb1 Nc4 22. Qc2 g6 23. Bf2 Na3 24. Qd2 Nxb1 25. Raxb1 Bc6 26. Rbc1 Bb7 27. Bh4 Rc8 28. Bf6 Kh7 29. Qf2 Bd8 30. Rxc8 Bxc8 31. Nh3 Bxf6 32. exf6 Qd5 33. Re5 Qc4 34. Qh4 Qc1+ 35. Re1 Qd2 36. Qf2 Qxf2 37. Nxf2 Rd8 38. Rc1 g5 39. h3 Kg6 40. Ng4 Ba6 41. Rc7 Rxd4 42. Rxa7 Bc4 43. Ra8 h5 44. Ne5+ Kxf6 45. Nxc4 Rxc4 46. Rb8 Rb4 47. Kh2 h4 48. a4 Ke5 49. Rb7 f6 50. Rb8 Kf5 51. Rb7 e5 52. Rb8 Kf4 53. Rf8 f5 54. Rb8 e4 55. fxe4 fxe4 56. Rf8+ Ke3 57. Rf6 Kd2 58. Rd6+ Ke2 59. g3 e3 60. gxh4 gxh4 61. Kg2 Rxa4 62. Rxb6 Ra2 63. Re6 Kd3+ 64. Kf3 Rf2+ 65. Kg4 e2 66. Kxh4 Rf4+ 67. Kg3 Rf8 68. h4 Rg8+ 69. Kf4 Rf8+ 70. Kg5 Rf3 71. Rxe2 Kxe2 72. h5 Rg3+ 73. Kf4 Rg1 74. Kf5 Kf3 75. h6 Rh1 76. Kg6 Kf4 77. h7 Ke5 78. Kg7 Rg1+ 79. Kf7 Rf1+ 80. Kg7 Rg1+ 81. Kf7 Rh1 82. Kg7 Kf5 83. h8=Q Rxh8 84. Kxh8 1/2-1/2


[Site "https://www.chess.com"]

[Event "Titled Tuesday Blitz April 25 Early 2023"]
[White "MKlose11"]
[Black "Lewicki, Miroslaw"]
[BlackFideId "1113380"]
[WhiteElo "2553"]
[BlackElo "2212"]
[Result "0-1"]
[Round "09"]
[TimeControl "180+2"]
[Date "2023.04.25"]
[WhiteClock "0:00:13"]
[BlackClock "0:01:16"]

1. e4 b6 2. d4 Bb7 3. Bd3 Nf6 4. Qe2 e6 5. c3 d5 6. e5 Nfd7 7. f4 c5 8. Nf3 Nc6 9. a3 g6 10. O-O Bg7 11. g4 O-O 12. f5 cxd4 13. f6 Nxf6 14. exf6 Bxf6 15. cxd4 Nxd4 16. Nxd4 Bxd4+ 17. Be3 Bg7 18. Ba6 Bxa6 19. Qxa6 Bxb2 20. Ra2 Bg7 21. Raf2 e5 22. Bd2 Qd7 23. Qe2 a5 24. Bg5 Rae8 25. Bf6 Bxf6 26. Rxf6 Re6 27. Nc3 e4 28. g5 Re5 29. h4 Qh3 30. Qe1 h6 31. gxh6 Rh5 32. Ne2 Rxh4 33. Qg3 Rg4 34. Kf2 0-1


[Site "https://www.chess.com"]

[Event "Titled Tuesday Blitz April 25 Early 2023"]
[White "Sharapov, Evgeny"]
[Black "Skvortsov, Andrei"]
[WhiteFideId "14103133"]
[BlackFideId "24108600"]
[WhiteElo "2367"]
[BlackElo "2259"]
[Result "1-0"]
[Round "09"]
[TimeControl "180+2"]
[Date "2023.04.25"]
[WhiteClock "0:01:13"]
[BlackClock "0:01:05"]

1. e4 c5 2. Nf3 d6 3. d4 Nf6 4. Nc3 cxd4 5. Nxd4 g6 6. g3 Bg7 7. Bg2 Nc6 8. Nde2 Bd7 9. O-O Qc8 10. Nf4 O-O 11. a4 Nb4 12. Ra3 a5 13. h4 h5 14. Nfd5 Nfxd5 15. Nxd5 Qxc2 16. Nxe7+ Kh7 17. Qxd6 Bg4 18. Nd5 Rad8 19. Qb6 Nxd5 20. exd5 Be2 21. Re1 Ba6 22. Qxa5 Bxb2 23. Bxb2 Qxb2 24. Rae3 Rd7 25. Qc5 Qf6 26. Qxf8 1-0


[Site "https://www.chess.com"]

[Event "Titled Tuesday Blitz April 25 Early 2023"]
[White "Girya, Olga"]
[Black "Reprintsev, Alexander"]
[WhiteFideId "4195752"]
[BlackFideId "14100541"]
[WhiteElo "2263"]
[BlackElo "2211"]
[Result "0-1"]
[Round "09"]
[TimeControl "180+2"]
[Date "2023.04.25"]
[WhiteClock "0:00:02"]
[BlackClock "0:00:24"]

1. d4 d5 2. Nf3 Nc6 3. c4 e5 4. cxd5 Qxd5 5. Nc3 Bb4 6. a3 Bxc3+ 7. bxc3 Qa5 8. d5 Nd4 9. Bb2 Nxf3+ 10. exf3 Bf5 11. Qd2 O-O-O 12. c4 Qxd2+ 13. Kxd2 c6 14. Bxe5 f6 15. Bd4 cxd5 16. cxd5 Rxd5 17. Rc1+ Kb8 18. Kc3 Ne7 19. Be3 Rc8+ 20. Kb2 Rxc1 21. Kxc1 Ra5 22. g4 Bg6 23. Kb2 Nd5 24. Bc4 Nxe3 25. fxe3 f5 26. g5 Re5 27. Re1 f4 28. e4 Bh5 29. Be2 Rxg5 30. Rd1 Rg2 31. Rd8+ Kc7 32. Rd2 Rxh2 33. Rc2+ Kd6 34. Rd2+ Ke7 35. Rc2 g5 36. Kc3 Rf2 37. Kd4 Bxf3 38. Rc7+ Kd8 39. Rxb7 Rxe2 40. e5 Bxb7 0-1


[Site "https://www.chess.com"]